 Dungeon Crawl Stone Soup version 0.30-a0-760-g5a9884bb7c (webtiles) character file.

Game seed: 10154169898392155492

646387 Esekla the Sorcerer (level 27, -2/187 HPs)
             Began as an Octopode Delver on Feb 9, 2023.
             Was an Initiate of Gozag.
             Slain by a green draconian
             ... wielding a +0 long sword
             ... led by a purple draconian shifter
              (25 damage)
             ... on level 3 of the Realm of Zot on Feb 11, 2023.
             The game lasted 11:20:12 (83235 turns).

Esekla the Sorcerer (Octopode Delver)              Turns: 83235, Time: 11:20:13

Health: -2/187     AC: 20    Str: 13    XL:     27
Magic:  28/49      EV: 27    Int: 43    God:    Gozag
Gold:   11507      SH:  8    Dex: 20    Spells: 1/70 levels left

rFire   . . .      SeeInvis .    x - +9 double sword (vamp)
rCold   . . .      Faith    .    k - +0 buckler {reflect}
rNeg    + + +      Spirit   .    V - +1 hat of Idulud {rN+ Regen+}
rPois   +          Reflect  +    q - amulet "Tebliuj" {RegenMP rN++}
rElec   .          Harm     .    U - ring of Equivalence {rPois rF+ Int+5}
rCorr   +          Rampage  .    N - ring "Zuec" {rN+ MP-9 Dex+5 Slay+3}
Will    ++...                    Z - ring "Sivuaph" {MP+9 Int+3}
Stlth   ++++++++                 O - ring "Maerea" {Drain rPois rN+ AC+4}
HPRegen 1.31/turn                P - ring "Myqo" {rCorr Int+6 Stlth+}
MPRegen 0.71/turn                r - ring of the Tortoise {AC+8}
                                 m - +4 ring of slaying
                                 I - ring "Ajuihi" {rF- AC+4 Int+6}

@: wereblooded, gold aura, studying 3 skills
A: almost no armour, amphibious, 8 rings, camouflage 1, gelatinous body 1,
(nimble swimmer 1), tentacles, iridescent scales 1, sense surroundings 1
}: 4/15 runes: barnacled, slimy, silver, gossamer
a: Renounce Religion, Potion Petition, Call Merchant, Bribe Branch


You were on level 3 of the Realm of Zot.
You worshipped Gozag.
Gozag was extremely pleased with you.
You visited 12 branches of the dungeon, and saw 54 of its levels.
You visited the Abyss 1 time.
You visited 1 bazaar.
You also visited: Trove, Ice Cave and Wizlab.

You collected 31256 gold pieces.
You spent 12419 gold pieces at shops.
You paid 7330 gold pieces to Gozag.

Inventory:

Hand Weapons
 a - the +8 scimitar of Oshyilel {heavy, rF+ Dex+3}
   (You found it in a treasure trove)

   Dex:       It affects your dexterity (+3).
   rF:        It protects you from fire.
 c - the +6 Majin-Bo {spellvamp, MP+6 Int+6}
   (You found it on level 2 of the Crypt)

   Int:       It affects your intelligence (+6).
   MP:        It affects your magic capacity (+6).
 e - a +5 demon blade of electrocution
 f - a +2 scimitar of flaming
 s - a +4 dagger of venom
 w - a +9 double sword of holy wrath
 x - a +9 vampiric double sword (weapon)
Missiles
 F - 40 poisoned darts
 M - 55 boomerangs (quivered)
 R - 25 curare-tipped darts
Armour
 k - a +0 buckler of reflection (worn)
 V - the +1 hat of Idulud (worn) {rN+ Regen+}
   (You acquired it on level 5 of the Vaults)

   rN:        It protects you from negative energy.
   Regen:     It increases your rate of health regeneration.
Magical Staves
 d - a staff of death
Jewellery
 m - a +4 ring of slaying (on tentacle)
 q - the amulet "Tebliuj" (around mantle) {RegenMP rN++}
   (You found it on level 1 of the Realm of Zot)

   [amulet of magic regeneration]

   It increases your rate of magic regeneration.
   rN:        It greatly protects you from negative energy.
 r - the ring of the Tortoise (on tentacle) {AC+8}
   (You bought it in a shop on level 2 of the Orcish Mines)

   [ring of protection]

   AC:        It affects your AC (+8).
 y - a +6 ring of intelligence
 B - a ring of protection from fire
 I - the ring "Ajuihi" (on tentacle) {rF- AC+4 Int+6}
   (You found it on level 4 of the Spider Nest)

   [ring of protection]

   AC:        It affects your AC (+4).
   Int:       It affects your intelligence (+6).
   rF:        It makes you vulnerable to fire.
 L - the ring "Bitzoc" {rElec EV+5 Str+3 SInv}
   (You found it on level 2 of the Spider Nest)

   [ring of evasion]

   EV:        It affects your evasion (+5).
   Str:       It affects your strength (+3).
   rElec:     It insulates you from electricity.
   SInv:      It lets you see invisible.
 N - the ring "Zuec" (right tentacle) {rN+ MP-9 Dex+5 Slay+3}
   (You found it on level 3 of the Crypt)

   [ring of positive energy]

   Dex:       It affects your dexterity (+5).
   Slay:      It affects your accuracy & damage with ranged weapons and melee
   (+3).
   rN:        It protects you from negative energy.
   MP:        It affects your magic capacity (-9).
 O - the ring "Maerea" (on tentacle) {Drain rPois rN+ AC+4}
   (You found it on level 3 of the Crypt)

   [ring of protection]

   AC:        It affects your AC (+4).
   rPois:     It protects you from poison.
   rN:        It protects you from negative energy.
   Drain:     It drains your maximum health when unequipped.
 P - the ring "Myqo" (on tentacle) {rCorr Int+6 Stlth+}
   (You bought it in a shop on level 9 of the Dungeon)

   [ring of intelligence]

   Int:       It affects your intelligence (+6).
   rCorr:     It protects you from acid and corrosion.
   Stlth:     It makes you more stealthy.
 U - the ring of Equivalence (left tentacle) {rPois rF+ Int+5}
   (You bought it in a shop on level 2 of the Orcish Mines)

   [ring of protection from fire]

   Int:       It affects your intelligence (+5).
   rF:        It protects you from fire.
   rPois:     It protects you from poison.
 Y - the ring "Omuppage" {rElec rC++ rN+ Str-2}
   (You bought it in a shop on level 15 of the Dungeon)

   [ring of positive energy]

   Str:       It affects your strength (-2).
   rC:        It greatly protects you from cold.
   rElec:     It insulates you from electricity.
   rN:        It protects you from negative energy.
 Z - the ring "Sivuaph" (on tentacle) {MP+9 Int+3}
   (You found it on level 5 of the Pits of Slime)

   [ring of magical power]

   Int:       It affects your intelligence (+3).
   MP:        It affects your magic capacity (+9).
Wands
 n - a wand of mindburst (2)
 v - a wand of digging (26)
 J - a wand of flame (125)
 K - a wand of roots (35)
 S - a wand of acid (42)
Scrolls
 b - 16 scrolls of fog
 l - 9 scrolls of amnesia
 o - 21 scrolls of teleportation
 p - 14 scrolls of blinking
 z - 3 scrolls of silence
 A - 4 scrolls of butterflies
 H - 13 scrolls of fear
 T - 10 scrolls of poison
 X - 5 scrolls of magic mapping
Potions
 g - 2 potions of resistance
 h - 16 potions of curing
 i - 8 potions of ambrosia
 j - 11 potions of heal wounds
 t - 10 potions of brilliance
 u - 2 potions of cancellation
 C - 5 potions of might
 D - 5 potions of invisibility
 E - 15 potions of attraction
 G - 14 potions of flight
 Q - 8 potions of magic
 W - 7 potions of haste


   Skills:
 * Level 15.5 Fighting
 + Level 5.7(13.6) Short Blades
 + Level 18.9(19.2) Long Blades
 * Level 13.3 Staves
 + Level 4.4 Throwing
 * Level 18.9 Dodging
 + Level 13.7 Stealth
 + Level 12.4 Shields
 * Level 22.1 Spellcasting
 + Level 6.0 Conjurations
 - Level 5.5 Summonings
 * Level 15.5 Necromancy
 - Level 4.5 Translocations
 + Level 10.3 Transmutations
 + Level 8.1 Fire Magic
 * Level 9.7 Ice Magic
 * Level 12.8 Air Magic
 + Level 13.8 Earth Magic
 - Level 7.3 Poison Magic
 * Level 5.9 Evocations


You had one spell level left.
You knew the following spells:

 Your Spells              Type           Power      Damage    Failure   Level
a - Statue Form           Tmut/Erth      66%        N/A       1%          6
b - Blink                 Tloc           100%       N/A       1%          2
c - Mephitic Cloud        Conj/Pois/Air  89%        N/A       1%          3
d - Vampiric Draining     Necr           100%       2d13      0%          3
e - Necromutation         Tmut/Necr      51%        N/A       16%         8
i - Irradiate             Conj/Tmut      43%        3d26      1%          5
k - Airstrike             Air            51%        2d(8-24)  1%          4
m - Maxwell's Capacitive  Air            51%        ∞         17%         8
n - Ignite Poison         Fire/Tmut/Pois 88%        N/A       1%          3
p - Apportation           Tloc           100%       N/A       1%          1
r - Frozen Ramparts       Ice            100%       1d16      1%          3
s - Summon Lightning Spi  Summ/Air       90%        N/A       1%          4
u - Dispel Undead         Necr           100%       3d31      0%          4
w - Wereblood             Tmut           94%        N/A       0%          2
x - Olgreb's Toxic Radia  Pois           84%        N/A       1%          4
y - Sticky Flame          Conj/Fire      83%        2d9       1%          4
z - Freezing Cloud        Conj/Ice/Air   46%        6-21      1%          5

Your spell library contained the following spells:

 Spells                   Type           Power      Damage    Failure   Level
 Beastly Appendage        Tmut           100%       N/A       0%          1
 Kiss of Death            Conj/Necr      100%       2d13      0%          1
 Necrotise                Necr           100%       1d9       0%          1
 Sandblast                Erth           100%       2d20      0%          1
 Sting                    Tmut/Pois      100%       1d8       0%          1
 Magic Dart               Conj           100%       1d8       1%          1
 Summon Small Mammal      Summ           100%       N/A       1%          1
 Cigotuvi's Dreadful Rot  Necr/Pois/Air  100%       N/A       0%          2
 Passwall                 Tmut/Erth      83%        N/A       0%          2
 Poisonous Vapours        Pois/Air       100%       N/A       0%          2
 Static Discharge         Conj/Air       100%       2-7/arc   0%          2
 Sublimation of Blood     Necr           100%       N/A       0%          2
 Call Imp                 Summ           76%        N/A       1%          2
 Ensorcelled Hibernation  Hex/Ice        100%       N/A       1%          2
 Lesser Beckoning         Tloc           100%       N/A       1%          2
 Momentum Strike          Conj/Tloc      100%       3d10      1%          2
 Call Canine Familiar     Summ           76%        N/A       1%          3
 Confusing Touch          Hex            47%        N/A       1%          3
 Dazzling Flash           Conj/Hex       100%       N/A       1%          3
 Gell's Gravitas          Tloc           72%        N/A       1%          3
 Hailstorm                Conj/Ice       86%        3d17      1%          3
 Kindle Blastsparks       Fire/Tloc/Air  100%       2d18      1%          3
 Portal Projectile        Hex/Tloc       100%       N/A       1%          3
 Spider Form              Tmut/Pois      89%        N/A       1%          3
 Stone Arrow              Conj/Erth      100%       3d13      1%          3
 Summon Guardian Golem    Hex/Summ       64%        N/A       1%          3
 Teleport Other           Tloc           72%        N/A       1%          3
 Tukima's Dance           Hex            47%        N/A       1%          3
 Vhi's Electric Charge    Tloc/Air       100%       N/A       1%          3
 Anguish                  Hex/Necr       42%        N/A       1%          4
 Ice Form                 Ice/Tmut       93%        N/A       1%          4
 Iskenderun's Mystic Bla  Conj/Tloc      75%        2d15      1%          4
 Leda's Liquefaction      Hex/Erth       41%        N/A       1%          4
 Manifold Assault         Tloc           72%        N/A       1%          4
 Passage of Golubria      Tloc           72%        N/A       1%          4
 Petrify                  Tmut/Erth      100%       N/A       1%          4
 Summon Ice Beast         Ice/Summ       85%        N/A       1%          4
 Agony                    Necr           100%       N/A       1%          5
 Arcjolt                  Conj/Air       45%        1d55      1%          5
 Blade Hands              Tmut           47%        N/A       1%          5
 Fireball                 Conj/Fire      41%        3d17      1%          5
 Iskenderun's Battlesphe  Conj           79%        2d13      1%          5
 Lightning Bolt           Conj/Air       45%        1d65      1%          5
 Metabolic Englaciation   Hex/Ice        36%        N/A       1%          5
 Yara's Violent Unravell  Hex/Tmut       37%        3d15      1%          5
 Conjure Ball Lightning   Conj/Air       45%        3x3d16    1%          6
 Eringya's Noxious Bog    Tmut/Pois      44%        N/A       1%          6
 Iron Shot                Conj/Erth      46%        9d9       1%          6
 Storm Form               Tmut/Air       49%        N/A       3%          7
 Cause Fear               Hex            23%        N/A       4%          4
 Starburst                Conj/Fire      41%        6d12      4%          6
 Haunt                    Necr/Summ      47%        N/A       5%          7
 Borgnjor's Revivificati  Necr           55%        N/A       5%          8
 Infestation              Necr           55%        N/A       5%          8
 Dragon Form              Tmut           47%        N/A       6%          7
 Ozocubu's Refrigeration  Ice            46%        4d17      8%          7
 Dispersal                Tloc           36%        N/A       12%         6
 Orb of Destruction       Conj           39%        9d11      34%         7
 Spellforged Servitor     Conj/Summ      38%        N/A       36%         7
 Summon Hydra             Summ           38%        N/A       41%         7
 Malign Gateway           Summ/Tloc      37%        N/A       45%         7
 Death's Door             Necr           55%        N/A       63%         9
 Ignition                 Fire           43%        3d13      75%         8
 Shatter                  Erth           52%        3d40*     86%         9
 Summon Horrible Things   Summ           38%        N/A       98%         8
 Enfeeble                 Hex            23%        N/A       99%         7
 Disjunction              Tloc           36%        N/A       99%         8
 Chain Lightning          Conj/Air       45%        3d60      100%        9
 Dragon's Call            Summ           38%        N/A       100%        9
 Fire Storm               Conj/Fire      41%        8d11      100%        9
 Animate Dead             Necr           Unusable   N/A       N/A         4
 Animate Armour           Summ/Erth      Unusable   N/A       N/A         4
 Simulacrum               Ice/Necr       Unusable   N/A       N/A         6

Dungeon Overview and Level Annotations

Branches:
Dungeon (15/15)            Temple (1/1) D:5            Lair (5/5) D:9
 Shoals (4/4) Lair:2       Spider (4/4) Lair:3        Slime (5/5) Lair:4
    Orc (2/2) D:12            Elf (3/3) Orc:2        Vaults (5/5) D:14
  Crypt (3/3) Vaults:2       Tomb (0/3) Crypt:3      Depths (4/4) D:15
    Zot (3/5) Depths:4      IceCv (visited)          WizLab (visited)

Altars:
Ashenzari
Cheibriados
Dithmenos
Elyvilon
Fedhas
Gozag
Hepliaklqana
Kikubaaqudgha
Makhleb
Nemelex Xobeh
Okawaru
Qazlal
Ru
Sif Muna
Trog
Uskayaw
Vehumet
Wu Jian
Xom
Yredelemnul
Zin
The Shining One
Jiyva

Shops:
D:5 :   D:7 *   D:9 :=(   D:13 !   D:15 =   Orc:2 !*=(   Elf:1 :   Elf:2 (*[?
Elf:3 ?   Shoals:4 [   Crypt:1 :*=   Depths:1 *   Depths:2 :

Portals:
Hell: Depths:1 Depths:2 Depths:3 Depths:4
Abyss: Depths:3
Pandemonium: Orc:2 Depths:2
Ziggurat: Depths:3

Annotations:
D:15 2 transporters, Nol Upoh's ghost, journeyman GrFi
Vaults:2 2 transporters, exclusion: obsidian statue
Depths:3 1 runed translucent door, xzight's ghost, legendary MiBe


Innate Abilities, Weirdness & Mutations

You cannot wear most types of armour.
You are amphibious.
You can wear up to eight rings at the same time.
Your skin changes colour to match your surroundings (Stealth+).
Your rubbery body absorbs attacks. (AC +1, EV +1)
((You are camouflaged when in or above water. (Stealth+)))
You have tentacles for arms and can constrict up to eight enemies at once.
You are partially covered in iridescent scales. (AC +2)
You passively map a small area around you.


Message History

Casting: Blink (safe; 1% risk of failure)
Confirm with . or Enter, or press ? or * to list all spells.
Aiming: Freezing Cloud (mildly dangerous; 1% risk of failure)
Press: ? - help, Dir - move target, p - moth of wrath That beam is likely to hit you.
Continue anyway?
The golden dragon is engulfed in freezing vapours.
The moth of wrath is engulfed in freezing vapours.
You kill the moth of wrath!
The purple draconian shifter casts a spell.
The purple draconian shifter blinks!
The white draconian is engulfed in freezing vapours.
The green draconian is engulfed in freezing vapours.
The green draconian seems to slow down.
You block the golden dragon's attack. x2
The golden dragon tramples you but does no damage.
The purple draconian is engulfed in freezing vapours.
The purple draconian seems to slow down.
The purple draconian shifter breathes dispelling energy at you.
The bolt of dispelling energy hits you but does no damage.
Your magical effects are unravelling.
The white draconian is engulfed in freezing vapours.
The green draconian is engulfed in freezing vapours.
Casting: Freezing Cloud (mildly dangerous; 1% risk of failure)
Confirm with . or Enter, or press ? or * to list all spells.
Your blood is infused with primal strength.
You revert to your normal fleshy form.
The golden dragon bites you!
* * * LOW HITPOINT WARNING * * *
The golden dragon completely misses you.
The golden dragon closely misses you.
The purple draconian shifter mumbles some strange words.
The purple draconian shifter blinks!
The white draconian is engulfed in freezing vapours.
The golden dragon is engulfed in freezing vapours.
You block the golden dragon's attack.
The golden dragon completely misses you. x2
The green draconian is engulfed in freezing vapours.
The green draconian seems to slow down.
The green draconian hits you with a +0 long sword!!
You die...
Your body crumbles into a pile of gold.

####..#
##?..## ,..#,
#..# ##...##
.§..# , #..#
##...##§§§.##
, #..*
##.q§§§§§§.#*
, **
##.§§§§§.§##
#.§§§§§...#
**
###dd§#...#
#Dd§.>..#*
#@..§.## , ,
####...#* ,
#...# . , * *
,


You could see a golden dragon (berserk), a green draconian (berserk, slow), a
purple draconian (slow), a white draconian and a purple draconian shifter.

Vanquished Creatures
  the Royal Jelly (Slime:5)
  3 dread liches
  2 ancient liches
  An orb of fire (Zot:1)
  A juggernaut (Depths:2)
  Boris (thrice) (Vaults:2 Crypt:1 Crypt:2)
  Margery (Crypt:2)
  Frederick (Depths:4)
  2 Killer Klowns
  Xtahua (Vaults:2)
  A caustic shrike (Depths:3)
  A curse toe (Zot:1)
  Jory (Vaults:3)
  3 golden dragons
  A bone dragon (Crypt:3)
  the Enchantress (Depths:4)
  2 doom hounds (Crypt:3)
  Rupert (Lair:4)
  13 tentacled monstrosities
  Jorgrun (D:15)
  3 liches
  An electric golem (Zot:1)
  Grunn (Crypt:3)
  2 deep elf blademasters (Elf:3)
  5 quicksilver dragons
  5 sphinxes
  A walking divine tome (Depths:4)
  4 titans (Vaults:5)
  2 deep elf master archers (Elf:3)
  7 ancient champions
  28 acid blobs
  Polyphemus (Shoals:2)
  7 death cobs
  9 storm dragons
  A kraken (Shoals:4)
  12 shadow dragons
  2 draconian monks (Zot:1)
  18 azure jellies
  2 tengu reavers
  4 revenants
  5 draconian knights
  9 fire giants
  9 emperor scorpions
  12 rockslimes
  6 frost giants
  3 draconian scorchers
  9 deep elf sorcerers
  A spectral juggernaut (Crypt:3)
  21 vault wardens
  6 ghost moths
  A spectral caustic shrike (Crypt:3)
  Aizul (Spider:1)
  Louise (Elf:2)
  4 orc warlords
  3 deep elf elementalists
  11 ghouls
  3 curse skulls
  4 draconian shifters (Zot:1)
  25 ironbound preservers
  3 spriggan defenders (Depths:4)
  2 broodmothers
  17 quicksilver oozes
  6 reapers
  17 very ugly things
  15 ironbound thunderhulks
  2 grey draconians (Depths:4)
  2 war gargoyles (Vaults:5)
  12 stone giants
  7 deep elf demonologists
  6 purple draconians
  The ghost of Rauqumuf the Devastator, a journeyman TeAE of Qazlal (Orc:1)
  2 putrid mouths (Crypt:3)
  12 green draconians
  12 deep elf annihilators
  5 red draconians
  A spectral titan (Crypt:3)
  5 white draconians (Zot:3)
  7 vampire knights
  12 dire elephants
  8 spark wasps
  8 yellow draconians
  5 black draconians
  9 ettins
  9 deep elf death magi
  7 fire dragons
  4 crystal guardians
  11 eidola
  4 merfolk javelineers (Shoals:4)
  2 spectral spriggans (Crypt:3)
  2 spectral quicksilver dragons (Crypt:3)
  5 merfolk impalers
  The ghost of TheSexyCheese the Ruffian, a journeyman TrFi (D:11)
  6 jiangshi
  14 great orbs of eyes
  4 deep elf high priests
  7 entropy weavers
  32 vault guards
  A spectral fenstrider witch (Crypt:3)
  A salamander tyrant (Depths:3)
  A rakshasa (Depths:1)
  2 ogre magi
  A spriggan zombie (Crypt:1)
  A merfolk avatar (Shoals:4)
  4 radroaches
  8 ice dragons
  10 yaktaur captains
  3 peacekeepers
  3 demonspawn (Orc:2)
  3 spriggan air magi
  8 centaur warriors
  15 ironbound frosthearts
  8 boulder beetles
  7 death knights
  3 merfolk aquamancers
  3 hydras
  2 catoblepae
  5 jorogumos
  A satyr (Shoals:2)
  A two-headed ogre (D:14)
  3 alligator snapping turtles
  32 dancing weapons
  An Orb Guardian skeleton (Crypt:2)
  5 spriggan berserkers
  9 death yaks
  5 tengu warriors
  5 orc high priests
  3 deep troll earth magi
  9 vampire magi
  12 deep elf knights
  10 hell knights
  4 spectral storm dragons (Crypt:3)
  Nergalle (Lair:2)
  A spectral minotaur (Crypt:3)
  6 shadow wraiths (Crypt:3)
  A sun demon (Orc:2)
  A salamander mystic (Depths:3)
  7 pharaoh ants
  2 soul eaters (Crypt:1)
  A golden dragon zombie (Crypt:3)
  A sixfirhy (Orc:2)
  A glowing orange brain (shapeshifter) (Vaults:5)
  38 skeletal warriors
  A sun moth (Spider:4)
  9 sea snakes
  An iron troll (Depths:3)
  An iron giant zombie (Crypt:3)
  25 ironbound convokers
  3 glowing orange brains
  8 flayed ghosts
  8 steelbarb worms
  Pikel (D:6)
  13 orb spiders
  3 orange crystal statues
  A bog body (Crypt:1)
  2 bunyip skeletons (Crypt:2)
  15 phantasmal warriors
  7 necromancers
  A spectral iron dragon (Crypt:3)
  3 swamp dragons (Depths:4)
  47 deep trolls
  16 lindwurms
  24 deep elf zephyrmancers
  A jorogumo zombie (Crypt:2)
  5 wizards
  13 deep elf archers
  11 harpies
  39 deep elf pyromancers
  8 orc knights
  35 ugly things
  11 orc sorcerers
  6 shining eyes
  A mana viper (shapeshifter) (Vaults:5)
  28 wolf spiders
  15 fauns
  16 cyclopes
  A spectral ettin (Crypt:3)
  A fire giant zombie (Crypt:3)
  9 elephants
  3 oklob plants
  21 manticores
  20 moths of wrath
  A spectral centaur (Crypt:3)
  A shock serpent zombie (Crypt:2)
  A skyshark zombie (Crypt:2)
  10 merfolk sirens
  2 naga zombies
  23 vault sentinels
  3 salamanders
  2 stone giant skeletons
  5 demonic crawlers
  11 black mambas
  A titan simulacrum (Crypt:1)
  2 gargoyles
  7 torpor snails
  2 dire elephant zombies (Crypt:1)
  6 water nymphs
  A rust devil (Orc:2)
  17 cane toads
  2 eyes of devastation
  A guardian serpent (Lair:5)
  2 centaur skeletons (Crypt:1)
  An unseen horror (D:13)
  A kobold demonologist (D:14)
  3 rime drakes
  7 komodo dragons
  41 yaktaurs
  An unseen horror zombie (Crypt:3)
  2 tengu conjurers
  A minotaur skeleton (Crypt:1)
  7 trolls
  24 freezing wraiths
  3 spectral harpies (Crypt:3)
  3 guardian mummies (Crypt:3)
  9 meliai
  4 wind drakes
  A hellwing (Depths:2)
  29 merfolk
  12 hornets
  4 tyrant leeches (Lair:5)
  A shadow dragon simulacrum (Crypt:3)
  A harpy skeleton (Crypt:2)
  3 wind drakes (shapeshifter)
  33 tarantellas
  A tarantella zombie (Crypt:1)
  A spectral swamp dragon (Crypt:3)
  15 snapping turtles
  10 blink frogs
  6 dream sheep
  An alligator skeleton (Crypt:3)
  37 jumping spiders
  A centaur simulacrum (Crypt:3)
  113 slime creatures
  5 flying skulls
  4 spriggans
  4 vampires (WizLab)
  24 culicivoras
  4 shadows
  A black mamba skeleton (Crypt:3)
  14 water elementals
  3 basilisks
  2 fire elementals
  16 wraiths
  17 wyverns
  42 yaks
  An alligator snapping turtle simulacrum (Crypt:3)
  12 golden eyes
  2 steam dragons
  A chaos spawn (Orc:2)
  84 redbacks
  7 two-headed ogre zombies
  5 vampire mosquitoes
  26 water moccasins
  2 acid dragons (D:10)
  A hydra simulacrum (Crypt:3)
  6 wargs
  An ogre skeleton (Vaults:1)
  38 orc warriors
  A floating eye (Depths:1)
  2 black bears
  A naga skeleton (Crypt:1)
  A sky beast (D:8)
  2 great orb of eyes simulacra (IceCv)
  A deep troll skeleton (Crypt:1)
  2 ice beasts
  A blink frog zombie (Crypt:1)
  12 ogres
  12 wolves
  14 centaurs
  2 human skeletons
  A blink frog skeleton (Crypt:2)
  6 kobold brigands
  4 lemures (D:6)
  3 slime creature simulacra (IceCv)
  13 bullfrogs
  An elf zombie (Crypt:2)
  A naga simulacrum (Crypt:3)
  7 necrophages
  3 glowing shapeshifter simulacra (IceCv)
  8 scorpions
  2 earth elementals
  A queen bee zombie (Crypt:3)
  11 wights
  A yaktaur skeleton (Crypt:3)
  A hornet simulacrum (D:14)
  7 troll zombies (WizLab)
  An oklob sapling (D:10)
  5 killer bees (D:8)
  8 electric eels
  7 howler monkeys
  10 hounds
  31 orc priests
  2 gnoll boudas (D:7)
  Crazy Yiuf (D:2)
  4 jellies
  2 iguanas
  A bullfrog skeleton (Crypt:1)
  A basilisk skeleton (Crypt:1)
  16 orc wizards
  An acid dragon zombie (Crypt:2)
  A deep dwarf zombie (Crypt:1)
  6 ogre zombies (WizLab)
  An acid dragon skeleton (Crypt:2)
  3 mummies (Crypt:3)
  11 gnolls
  13 adders
  2 white imps
  An ufetubus (D:4)
  A jelly zombie (Crypt:1)
  5 worms
  A dart slug (D:3)
  92 orcs
  6 bats
  9 endoplasms
  9 giant cockroaches
  6 goblins
  6 hobgoblins
  4 jackals
  7 quokkas
  9 ball pythons
  A ball python skeleton (Crypt:1)
  2 frilled lizards (D:1)
  A frilled lizard zombie (Crypt:1)
  24 kobolds
  An orc skeleton (Crypt:2)
  10 rats
  3 tentacles (Shoals:4)
2500 creatures vanquished.

Vanquished Creatures (collateral kills)
  An emperor scorpion (Spider:4)
  An ironbound preserver (Vaults:4)
  A deep troll (Vaults:2)
3 creatures vanquished.

Vanquished Creatures (others)
  A tengu reaver (Vaults:5)
  A draconian knight (Zot:3)
  An ironbound preserver (Vaults:3)
  A spriggan berserker (Depths:4)
  A deep elf knight (Elf:2)
  A deep troll (Vaults:4)
  A wolf spider (D:15)
  An orc wizard (Vaults:5)
  An orc (Vaults:5)
  53 fungi
  156 plants
  A tentacle (Shoals:4)
219 creatures vanquished.

Grand Total: 2722 creatures vanquished

Notes
Turn   | Place    | Note
-------+----------+-------------------------------------------
     0 | D:5      | Esekla the Octopode Delver began the quest for the Orb.
     0 | D:5      | Reached XP level 1. HP: 16/16 MP: 1/1
    24 | D:5      | Found a staircase to the Ecumenical Temple.
    35 | Temple   | Entered the Ecumenical Temple
    76 | D:5      | Found Gelem's Book Boutique.
   146 | D:5      | Noticed an iguana
   147 | D:5      | Noticed a hound
   210 | D:5      | Noticed a jelly
   216 | D:5      | Noticed a hound
   243 | D:5      | Noticed an ogre
   448 | D:5      | Reached XP level 2. HP: 4/21 MP: 2/2
   755 | D:5      | Reached XP level 3. HP: 26/26 MP: 3/3
   873 | D:5      | Noticed an ice beast
   917 | Temple   | Became a worshipper of Gozag Ym Sagoz the Greedy
  1028 | D:4      | Reached XP level 4. HP: 18/31 MP: 3/5
  1206 | D:4      | Reached skill level 1 in Spellcasting
  1502 | D:3      | Learned a level 2 spell: Wereblood
  1534 | D:3      | Reached XP level 5. HP: 36/36 MP: 6/6
  2775 | D:2      | Found a runed translucent door.
  2939 | D:2      | Found a basalt altar of Yredelemnul.
  2979 | D:2      | Reached XP level 6. HP: 42/42 MP: 8/8
  3534 | D:2      | Noticed Crazy Yiuf
  3652 | D:3      | Reached skill level 1 in Transmutations
  4202 | D:4      | Reached skill level 1 in Short Blades
  4479 | D:4      | Reached skill level 2 in Spellcasting
  4479 | D:4      | Reached XP level 7. HP: 47/47 MP: 8/10
  4967 | D:5      | Bought a book of Minor Magic for 216 gold pieces
  4971 | D:5      | Learned a level 3 spell: Mephitic Cloud
  5234 | D:6      | Reached skill level 5 in Long Blades
  5234 | D:6      | Reached XP level 8. HP: 49/54 MP: 11/11
  5729 | D:6      | Found a shimmering blue altar of Sif Muna.
  5746 | D:6      | Got Sif Muna's Parchment of Bolts
  5761 | D:6      | Reached skill level 1 in Conjurations
  5761 | D:6      | Reached skill level 1 in Air Magic
  5761 | D:6      | Reached skill level 1 in Poison Magic
  5850 | D:6      | Found a bloodstained altar of Trog.
  6112 | D:6      | Reached skill level 3 in Spellcasting
  6183 | D:6      | Identified the +1 leather armour "Vucuckox" {rPois Int-5
                  | Dex+4}
  6339 | D:6      | Noticed Pikel
  6435 | D:5      | Bought a Trismegistus Codex for 336 gold pieces
  6439 | D:5      | Learned a level 3 spell: Ignite Poison
  6598 | D:6      | Killed Pikel
  6599 | D:6      | Reached skill level 1 in Fire Magic
  6599 | D:6      | Reached XP level 9. HP: 47/60 MP: 11/14
  6714 | D:6      | Reached skill level 5 in Fighting
  7263 | D:7      | Found a burning altar of Makhleb.
  8191 | D:7      | Found Qumoisad's Assorted Antiques.
  8194 | D:7      | Bought a glowing dagger for 125 gold pieces
  8194 | D:7      | Bought a scroll labelled ORAITAN GICHYUT for 25 gold pieces
  8194 | D:7      | Bought a scroll labelled BENKOGG GEIVYO for 25 gold pieces
  8349 | D:8      | Reached skill level 5 in Dodging
  8458 | D:8      | Found a basalt altar of Yredelemnul.
  8562 | D:8      | Found an iron altar of Okawaru.
  8801 | D:8      | Noticed a cyclops
  8830 | D:8      | Killed a cyclops
  8831 | D:8      | Reached skill level 4 in Spellcasting
  8831 | D:8      | Reached XP level 10. HP: 39/68 MP: 9/16
  8875 | D:8      | Noticed an ogre mage
  8903 | D:8      | Killed an ogre mage
  9021 | D:8      | Learned a level 3 spell: Vampiric Draining
  9417 | D:8      | Found a hazy altar of Hepliaklqana.
  9591 | D:8      | Found a glowing golden altar of the Shining One.
  9591 | D:8      | Found a snail-covered altar of Cheibriados.
  9812 | D:9      | Reached skill level 1 in Ice Magic
  9856 | D:9      | Learned a level 2 spell: Blink
 10046 | D:9      | Noticed a cyan ugly thing
 10057 | D:9      | Killed a cyan ugly thing
 10058 | D:9      | Reached skill level 5 in Spellcasting
 10058 | D:9      | Reached skill level 1 in Necromancy
 10149 | D:9      | Learned a level 2 spell: Poisonous Vapours
 10163 | D:9      | Found a staircase to the Lair.
 10378 | D:9      | Reached skill level 1 in Translocations
 10378 | D:9      | Reached XP level 11. HP: 74/74 MP: 6/18
 10939 | D:2      | Killed Crazy Yiuf
 11301 | Lair:1   | Entered Level 1 of the Lair of Beasts
 11980 | Lair:1   | Noticed a death yak
 11981 | Lair:1   | Noticed a death yak
 11982 | Lair:1   | Noticed a death yak
 12002 | Lair:1   | Noticed a death yak
 12003 | Lair:1   | Noticed a death yak
 12010 | Lair:1   | Killed a death yak
 12011 | Lair:1   | Reached skill level 6 in Spellcasting
 12135 | Lair:1   | Identified the amulet of Nixemy {Reflect rF+ Will+ Int+2
                  | SH+5}
 12154 | Lair:1   | Reached skill level 1 in Shields
 12362 | Lair:1   | Killed a death yak
 12449 | Lair:1   | Killed a death yak
 12563 | D:9      | Bought a +4 ring of protection for 432 gold pieces
 12589 | D:10     | Entered Level 10 of the Dungeon
 12978 | D:10     | Noticed an oklob plant
 13093 | D:10     | Reached skill level 1 in Throwing
 13093 | D:10     | Reached skill level 5 in Poison Magic
 13105 | D:10     | Reached XP level 12. HP: 81/81 MP: 1/22
 13233 | D:10     | Identified the +4 battleaxe of Makhleb's Condemnation
                  | {vamp, Str+2 Int+3}
 13269 | D:10     | Found a sacrificial altar of Ru.
 13512 | D:10     | Learned a level 4 spell: Olgreb's Toxic Radiance
 13662 | D:9      | Bought the ring "Myqo" {rCorr Int+6 Stlth+} for 616 gold
                  | pieces
 13978 | D:11     | Found a runed translucent gate.
 13978 | D:11     | Found a runed translucent gate.
 13978 | D:11     | Found a runed translucent gate.
 13983 | D:11     | Noticed an ice dragon
 13992 | D:11     | Noticed TheSexyCheese's ghost (journeyman TrFi)
 14006 | D:11     | Reached skill level 7 in Spellcasting
 15032 | D:11     | Killed an ice dragon
 15034 | D:11     | HP: 2/81 [TheSexyCheese's ghost (19)]
 15423 | D:12     | Found a staircase to the Orcish Mines.
 15935 | D:12     | Noticed a boulder beetle
 15945 | D:12     | Killed a boulder beetle
 16060 | D:13     | Found Falaho's Distillery.
 16192 | D:13     | Noticed a centaur warrior
 16197 | D:13     | Killed a centaur warrior
 16765 | D:13     | Noticed a boulder beetle
 16771 | D:13     | Killed a boulder beetle
 16772 | D:13     | Reached skill level 8 in Spellcasting
 17210 | D:13     | Noticed a centaur warrior
 17212 | D:13     | Noticed a boulder beetle
 17222 | D:13     | Killed a centaur warrior
 17223 | D:13     | Reached skill level 5 in Necromancy
 17223 | D:13     | Reached XP level 13. HP: 54/88 MP: 7/25
 17643 | D:5      | Bought a book of Annihilations for 720 gold pieces
 17649 | D:5      | Learned a level 5 spell: Freezing Cloud
 17888 | Orc:1    | Entered Level 1 of the Orcish Mines
 17905 | Orc:1    | Noticed an orc warlord
 17920 | Orc:1    | Killed an orc warlord
 17921 | Orc:1    | Reached skill level 1 in Earth Magic
 18295 | Orc:1    | Found a runed translucent gate.
 18295 | Orc:1    | Found a runed translucent gate.
 18295 | Orc:1    | Found a runed translucent gate.
 18379 | Orc:1    | Noticed Rauqumuf's ghost (journeyman TeAE)
 18482 | Orc:2    | Entered Level 2 of the Orcish Mines
 19179 | Orc:2    | Noticed an orc warlord
 19190 | Orc:2    | Killed an orc warlord
 19412 | Orc:2    | Found Perphul's Distillery.
 19419 | Orc:2    | Found Macze's General Store.
 19603 | Orc:2    | Noticed an orc warlord
 19616 | Orc:2    | Killed an orc warlord
 19617 | Orc:2    | Reached skill level 9 in Spellcasting
 19840 | Orc:2    | Found a staircase to the Elven Halls.
 20005 | Orc:2    | Reached skill level 5 in Air Magic
 20214 | Orc:2    | Reached skill level 10 in Long Blades
 20222 | Orc:2    | Reached XP level 14. HP: 95/95 MP: 4/27
 20618 | Orc:2    | Reached skill level 10 in Spellcasting
 20741 | Orc:2    | Found Duorgh's Antique Weapon Boutique.
 20741 | Orc:2    | Found a one-way gate leading to the halls of Pandemonium.
 20741 | Orc:2    | Found Sosch's Jewellery Shop.
 20785 | Orc:2    | Bought a potion of degeneration for 11 gold pieces
 20880 | Orc:2    | Bought a scroll of identify for 30 gold pieces
 20910 | Orc:2    | Bought the ring of the Tortoise {AC+8} for 1664 gold pieces
 20910 | Orc:2    | Found the ring of the Tortoise {AC+8}
 21448 | Lair:2   | Noticed Nergalle
 21454 | Lair:2   | Killed Nergalle
 21516 | Lair:2   | Found a staircase to the Shoals.
 21977 | Orc:2    | Bought the ring of Equivalence {rPois rF+ Int+5} for 607
                  | gold pieces
 23181 | Lair:3   | Identified the +6 flail of Icralouz {freeze, rElec SInv}
 23346 | Lair:3   | Found a hole to the Spider Nest.
 23895 | Lair:4   | Reached skill level 5 in Transmutations
 24007 | Lair:4   | Found a viscous altar of Jiyva.
 24007 | Lair:4   | Found a staircase to the Slime Pits.
 24424 | Lair:4   | Noticed Rupert
 24436 | Lair:4   | Killed Rupert
 24437 | Lair:4   | Reached skill level 11 in Spellcasting
 24844 | Lair:5   | Entered Level 5 of the Lair of Beasts
 24968 | Lair:5   | Reached XP level 15. HP: 102/102 MP: 20/30
 24973 | Lair:5   | Reached skill level 5 in Short Blades
 26084 | Lair:5   | Reached skill level 5 in Ice Magic
 26148 | Lair:5   | Found a runed translucent door.
 27465 | D:9      | Bought a manual of Long Blades for 1040 gold pieces
 27507 | D:11     | Killed TheSexyCheese's ghost
 27663 | D:14     | Reached skill level 5 in Earth Magic
 27973 | D:14     | Reached skill level 12 in Spellcasting
 28047 | D:14     | Reached skill level 10 in Fighting
 28198 | D:14     | Found a gate to the Vaults.
 28450 | D:14     | Found an opulent altar of Gozag.
 28470 | D:14     | Reached XP level 16. HP: 84/109 MP: 23/32
 28862 | D:15     | Entered Level 15 of the Dungeon
 28879 | D:15     | Reached skill level 5 in Fire Magic
 28915 | D:15     | Reached skill level 10 in Dodging
 28921 | D:15     | Noticed Jorgrun
 29178 | Orc:2    | Bought a potion of heal wounds for 55 gold pieces
 29178 | Orc:2    | Bought a potion of heal wounds for 55 gold pieces
 29244 | D:13     | Bought 2 potions of heal wounds for 140 gold pieces
 29331 | D:14     | Reached skill level 10 in Necromancy
 29459 | D:15     | Found a transporter.
 29462 | D:15     | Found a transporter.
 29468 | D:15     | Found a bloodstained altar of Trog.
 29626 | D:15     | Noticed Nol Upoh's ghost (journeyman GrFi)
 29675 | D:15     | Killed Jorgrun
 29973 | D:15     | Found a staircase to the Depths.
 30438 | Spider:1 | Entered Level 1 of the Spider Nest
 30732 | Spider:1 | Reached skill level 5 in Shields
 30936 | Spider:1 | Got Keotomn's Catalogue of Spellbinding and Adjuration
 32226 | D:9      | Bought a runed scimitar for 231 gold pieces
 32228 | D:9      | Bought a runed scimitar for 231 gold pieces
 32346 | Spider:2 | Noticed Aizul
 32389 | Spider:1 | Killed Aizul
 33046 | Spider:2 | Reached skill level 13 in Spellcasting
 33124 | Spider:2 | Reached XP level 17. HP: 115/115 MP: 2/34
 33472 | Spider:2 | Identified the ring "Bitzoc" {rElec EV+5 Str+3 SInv}
 35683 | Spider:3 | Identified the +6 war axe of the Spheres {holy, rElec rN+
                  | Int+3}
 36185 | Shoals:1 | Entered Level 1 of the Shoals
 36295 | Shoals:1 | Found a frozen archway.
 36473 | IceCv    | Entered an ice cave
 38464 | IceCv    | Found a viscous altar of Jiyva.
 38494 | IceCv    | HP: 3/116 [rockslime (32)]
 38753 | IceCv    | HP: 3/174 [rockslime (23)]
 39137 | IceCv    | Got Meimim's Book of Graupel
 39445 | Shoals:1 | Reached XP level 18. HP: 100/122 MP: 27/35
 40478 | Shoals:2 | Reached skill level 14 in Spellcasting
 40542 | Shoals:1 | Learned a level 3 spell: Frozen Ramparts
 41264 | Shoals:2 | Noticed Polyphemus
 41282 | Shoals:2 | Killed Polyphemus
 42611 | Shoals:4 | Entered Level 4 of the Shoals
 43145 | Shoals:4 | Reached skill level 10 in Stealth
 43149 | Shoals:4 | Reached XP level 19. HP: 13/127 MP: 19/37
 44115 | Shoals:4 | Got a barnacled rune of Zot
 44146 | Shoals:4 | Found Cemuoz's Antique Armour Emporium.
 44460 | Vaults:1 | Entered Level 1 of the Vaults
 44678 | D:9      | Bought an Everburning Encyclopedia for 468 gold pieces
 44683 | D:9      | Learned a level 4 spell: Airstrike
 44688 | D:9      | Learned a level 4 spell: Sticky Flame
 44693 | D:9      | Learned a level 4 spell: Summon Lightning Spire
 44920 | Spider:4 | Entered Level 4 of the Spider Nest
 44928 | Spider:4 | Reached skill level 1 in Summonings
 45067 | Spider:4 | Reached skill level 15 in Spellcasting
 46271 | Spider:4 | Identified the +7 rapier "Leviticus" {freeze, rPois Str+3
                  | Int+3}
 46294 | Spider:4 | Identified the ring "Ajuihi" {rF- AC+4 Int+6}
 46975 | Spider:4 | Got a gossamer rune of Zot
 47578 | D:5      | Bought a book of Alchemy for 336 gold pieces
 47584 | D:5      | Learned a level 5 spell: Irradiate
 47831 | D:15     | Bought the ring "Omuppage" {rElec rC++ rN+ Str-2} for 804
                  | gold pieces
 48686 | Vaults:1 | Reached XP level 20. HP: 128/135 MP: 30/39
 48885 | Vaults:1 | Reached skill level 10 in Earth Magic
 49870 | Vaults:1 | Reached skill level 16 in Spellcasting
 51169 | Vaults:2 | Reached skill level 5 in Summonings
 51271 | Vaults:2 | Found a portal to a secret trove of treasure.
 51327 | Vaults:2 | Reached skill level 10 in Shields
 52017 | Vaults:2 | Noticed Boris
 52034 | Vaults:2 | Killed Boris
 52049 | Vaults:2 | Identified the +6 arbalest of Departure {heavy, Int+3}
 52194 | Vaults:2 | You paid a toll of a +6 demon trident to enter a treasure
                  | trove
 52195 | Trove    | Entered a treasure trove
 52197 | Trove    | Found a bloodstained altar of Trog.
 52215 | Trove    | Identified the +4 arbalest of the Lonely Cities {drain,
                  | Fragile rC++ rN+}
 52223 | Trove    | Found the +8 demon blade "Leech" {evervamp, Harm Drain rN+}
 52225 | Trove    | Identified the +3 short sword "Curadas" {antimagic, rCorr}
 52228 | Trove    | Identified the +8 scimitar of Oshyilel {heavy, rF+ Dex+3}
 52233 | Trove    | Identified the +6 short sword of Ambiguity {flame, rPois
                  | rN+ Str-2 Stlth+}
 52695 | Vaults:2 | Reached skill level 15 in Necromancy
 52840 | Vaults:2 | Noticed Xtahua
 53028 | Vaults:2 | Found a transporter.
 53039 | Vaults:2 | Found a transporter.
 53351 | Vaults:2 | Reached XP level 21. HP: 113/140 MP: 25/41
 53392 | Vaults:2 | Found a staircase to the Crypt.
 53685 | Vaults:2 | Killed Xtahua
 53752 | Vaults:2 | Reached skill level 15 in Long Blades
 54276 | Vaults:3 | Noticed Jory
 54921 | Vaults:3 | Killed Jory
 55315 | Vaults:3 | Reached skill level 17 in Spellcasting
 56462 | Vaults:4 | Found a flickering gateway to a bazaar.
 56488 | Bazaar   | Entered a bazaar
 56644 | Bazaar   | Found Leusop Nufe's Antique Weapon Emporium.
 56655 | Bazaar   | Found Kepiaca's Antique Weapon Shoppe.
 56672 | Bazaar   | Found Kefaw's Antique Armour Emporium.
 56683 | Bazaar   | Found Kuicu's Antique Armour Shoppe.
 56793 | Vaults:4 | Reached XP level 22. HP: 55/148 MP: 7/43
 57407 | Vaults:4 | Paralysed by a sphinx for 4 turns
 58360 | Vaults:4 | Upgraded the game from 0.30-a0-757-ga6a79fd877 to
                  | 0.30-a0-760-g5a9884bb7c
 58562 | Elf:1    | Entered Level 1 of the Elven Halls
 58829 | Elf:1    | Learned a level 7 spell: Ozocubu's Refrigeration
 59011 | Elf:1    | You fall into a shaft and drop 1 floor!
 59011 | Elf:2    | Noticed Louise
 59635 | Elf:2    | Killed Louise
 59730 | Elf:2    | Found a runed translucent gate.
 59731 | Elf:2    | Found a runed translucent gate.
 59731 | Elf:2    | Found a runed translucent gate.
 59998 | Elf:2    | Found Kyrchuenn's Antique Weapon Emporium.
 60023 | Elf:2    | Found Gyal's General Store.
 60321 | Elf:2    | Reached skill level 18 in Spellcasting
 60397 | Elf:1    | Found Utzojism's Book Emporium.
 60949 | Orc:1    | Killed Rauqumuf's ghost
 61484 | Elf:1    | Got the Compilation of the Changed Morgue
 61547 | Elf:1    | Identified the +5 whip of Income {heavy, Str+2}
 61963 | Elf:2    | Found Sycann's Magic Scroll Boutique.
 61966 | Elf:2    | Found Gaveng's Armour Shoppe.
 61975 | Elf:2    | Bought a scroll of enchant weapon for 135 gold pieces
 62267 | Crypt:1  | Entered Level 1 of the Crypt
 62310 | Crypt:1  | Reached skill level 15 in Dodging
 62338 | Crypt:1  | Found a magical portal.
 62470 | Crypt:1  | Bought a scroll of enchant weapon for 165 gold pieces
 62474 | Crypt:1  | Bought a book of Sloth for 792 gold pieces
 62485 | Crypt:1  | Learned a level 6 spell: Statue Form
 62553 | WizLab   | Entered Zonguldrok's Shrine
 62980 | WizLab   | Noticed an antique lich
 62987 | WizLab   | Killed an antique lich
 62988 | WizLab   | Reached XP level 23. HP: 156/156 MP: 45/45
 63034 | WizLab   | Found the +9 sword of Zonguldrok {reap}
 63175 | Crypt:1  | Noticed Boris
 63192 | Crypt:1  | Killed Boris
 64203 | Crypt:2  | Noticed Boris
 64272 | Crypt:2  | Killed Boris
 64335 | Crypt:2  | Noticed Margery
 64347 | Crypt:2  | Killed Margery
 64426 | Crypt:2  | Reached skill level 5 in Conjurations
 64426 | Crypt:2  | Reached XP level 24. HP: 163/163 MP: 45/45
 65400 | Crypt:2  | Noticed a dread lich
 65409 | Crypt:2  | Paralysed by a dread lich for 5 turns
 65417 | Crypt:2  | Killed a dread lich
 65524 | Crypt:2  | Learned a level 1 spell: Apportation
 65540 | Crypt:2  | Found the +6 Majin-Bo {spellvamp, MP+6 Int+6}
 65604 | Crypt:1  | Bought a manual of Staves for 1760 gold pieces
 65674 | Crypt:3  | Entered Level 3 of the Crypt
 65694 | Crypt:3  | Noticed a dread lich
 65702 | Crypt:3  | Killed a dread lich
 65703 | Crypt:3  | Reached skill level 1 in Staves
 66201 | Crypt:3  | Noticed Grunn
 66222 | Crypt:3  | Killed Grunn
 66238 | Crypt:3  | Reached skill level 19 in Spellcasting
 66238 | Crypt:3  | Reached XP level 25. HP: 120/169 MP: 45/46
 66702 | Crypt:3  | Got the Spellbook of the Mortuary
 66710 | Crypt:3  | Identified the ring of Moral Flaws {rF+ rN+ Will+}
 66710 | Crypt:3  | Identified the ring "Fitixzum" {rElec rN+ rCorr Str-4 Dex+3
                  | Stlth+}
 66710 | Crypt:3  | Identified the ring "Zuec" {rN+ MP-9 Dex+5 Slay+3}
 67007 | Crypt:3  | Found a staircase to the Tomb.
 67486 | Crypt:3  | Found the +4 skin of Zhor {*Englaciate rC+++ SInv}
 67495 | Crypt:3  | Identified the ring "Maerea" {Drain rPois rN+ AC+4}
 67522 | Crypt:3  | Identified the +6 short sword of Pipnimp {speed, rN+ rCorr
                  | MP-9}
 67917 | Elf:3    | Entered Level 3 of the Elven Halls
 67978 | Elf:3    | Reached skill level 5 in Staves
 68435 | Elf:3    | Found Kuvidd's Magic Scroll Shop.
 68450 | Elf:3    | Bought a scroll of enchant weapon for 120 gold pieces
 68567 | Abyss:3  | Cast into level 3 of the Abyss (a deep elf demonologist)
 68617 | Abyss:3  | Found a corrupted altar of Lugonu.
 68620 | Elf:3    | Escaped the Abyss
 68922 | Elf:3    | Identified the +8 mace "Uxuruqo" {speed, Int+3 Dex+5}
 69004 | Elf:3    | Found the +5 glaive of the Guard {elec, spectral, AC+5}
 69013 | Elf:3    | Found the +9 scales of the Dragon King {rPois rF+ rC+
                  | Will+}
 69033 | Elf:3    | Identified the +5 hand axe of the Shrinking Lamprey {speed,
                  | Str+3}
 69046 | Elf:3    | Got the Folio of Coruscating Translocation
 69051 | Elf:3    | Identified the +1 buckler "Gairry" {rC+ Will- Dex+3}
 69058 | Elf:3    | Identified the +5 hand axe "Koaduraq" {venom, Stlth+}
 69086 | Elf:3    | Identified the +4 sling "Nishud" {heavy, Fragile rPois
                  | rN++}
 69130 | Elf:3    | Learned a level 4 spell: Dispel Undead
 69498 | Slime:1  | Entered Level 1 of the Pits of Slime
 69833 | Slime:3  | Reached skill level 10 in Air Magic
 70072 | Slime:1  | Reached XP level 26. HP: 178/178 MP: 37/46
 70144 | Slime:1  | Gained mutation: You occasionally lose the ability to drink
                  | potions when taking damage. [a shining eye]
 70670 | Shoals:1 | Lost mutation: You occasionally lose the ability to drink
                  | potions when taking damage. [potion of mutation]
 70670 | Shoals:1 | Gained mutation: You are vulnerable to cold. (rC-) [potion
                  | of mutation]
 70670 | Shoals:1 | Gained mutation: You are partially covered in iridescent
                  | scales. (AC +2) [potion of mutation]
 70810 | Spider:3 | Lost mutation: You are vulnerable to cold. (rC-) [potion of
                  | mutation]
 70810 | Spider:3 | Lost mutation: You are partially covered in iridescent
                  | scales. (AC +2) [potion of mutation]
 70810 | Spider:3 | Gained mutation: Your magical capacity is low. (-10% MP)
                  | [potion of mutation]
 71556 | Slime:4  | Reached skill level 20 in Spellcasting
 72403 | Slime:5  | Entered Level 5 of the Pits of Slime
 72432 | Slime:4  | Learned a level 8 spell: Maxwell's Capacitive Coupling
 72539 | Slime:5  | Gained mutation: Your magical capacity is very low. (-20%
                  | MP) [a shining eye]
 72642 | Slime:5  | Noticed the Royal Jelly
 73613 | Slime:5  | Found a viscous altar of Jiyva.
 73948 | Slime:5  | Killed the Royal Jelly
 74084 | Slime:5  | Identified the +8 flail of the Boiling Point {heavy, rC+
                  | Str+2}
 74088 | Slime:5  | Got a slimy rune of Zot
 74106 | Slime:5  | Identified the ring "Irooced" {rC- rCorr Str+2 SInv}
 74116 | Slime:5  | Identified the +1 cloak of Xillutah {Contam +Blink Will+}
 74121 | Slime:5  | Identified the +2 pair of gloves of the Loofah {rN+}
 74134 | Slime:5  | Identified the ring "Sivuaph" {MP+9 Int+3}
 74140 | Slime:5  | Identified the +2 rapier of Imbalance {heavy, Drain Will++
                  | rCorr Dex+2 Stlth+}
 74597 | Spider:3 | Lost mutation: Your magical capacity is very low. (-20% MP)
                  | [potion of mutation]
 74597 | Spider:3 | Lost mutation: Your magical capacity is low. (-10% MP)
                  | [potion of mutation]
 74597 | Spider:3 | Gained mutation: You passively map a small area around you.
                  | [potion of mutation]
 74597 | Spider:3 | Gained mutation: You are partially covered in iridescent
                  | scales. (AC +2) [potion of mutation]
 74957 | Vaults:5 | Entered Level 5 of the Vaults
 74978 | Vaults:5 | Noticed an ancient lich
 75005 | Vaults:5 | Reached skill level 10 in Staves
 75010 | Vaults:5 | Killed an ancient lich
 75283 | Vaults:5 | Got a silver rune of Zot
 75325 | Vaults:5 | Identified the +9 morningstar of Veiratuerph {drain, *Slow
                  | Will+ Int+2 SInv}
 75326 | Vaults:5 | Identified the +6 halberd "Joryuniz" {heavy, rF+}
 75326 | Vaults:5 | Identified the +10 halberd "Ylibaosm" {protect, rF+ Will+}
 75326 | Vaults:5 | Identified the +7 shortbow "Bofoud" {elec, rN+ Int+3 Dex+4}
 75415 | Vaults:5 | Identified the +0 scale mail "Ackymomp" {Rampage *Slow
                  | rPois rN+++}
 75839 | Vaults:5 | Identified a scroll of acquirement
 75942 | Vaults:5 | Reached XP level 27. HP: 184/184 MP: 47/47
 76188 | Vaults:5 | Noticed a dread lich
 76222 | Vaults:5 | Killed a dread lich
 76223 | Vaults:5 | Reached skill level 21 in Spellcasting
 76477 | Vaults:5 | Acquired the +1 hat of Idulud {rN+ Regen+}
 76484 | Vaults:5 | Acquired 796 gold pieces
 76619 | Depths:1 | Entered Level 1 of the Depths
 76754 | Depths:1 | Found Deiciny's Changing Room.
 77267 | Depths:1 | Found a gateway to Hell.
 77327 | Depths:1 | Found an ornate altar of the Wu Jian Council.
 77598 | Depths:1 | Found an ancient bone altar of Kikubaaqudgha.
 77974 | Depths:2 | You fall into a shaft and drop 1 floor!
 78353 | Depths:2 | Noticed a juggernaut
 78362 | Depths:2 | Killed a juggernaut
 78511 | Depths:2 | Identified the +4 flail "Huxan" {holy, *Rage rF+ Str+3
                  | Int+5}
 78585 | Depths:2 | Found Melaang's Vocational Training.
 78825 | Depths:3 | Found a one-way gateway to a ziggurat.
 78953 | Depths:3 | Identified the +1 leather armour of Gagatyce {Dex+3}
 79145 | Depths:3 | Found a glowing golden altar of the Shining One.
 79205 | Depths:3 | Noticed xzight's ghost (legendary MiBe)
 79208 | Depths:3 | Found a runed translucent door.
 79217 | Depths:3 | Found a one-way gate to the infinite horrors of the Abyss.
 79731 | Depths:4 | Entered Level 4 of the Depths
 79772 | Depths:4 | Reached skill level 15 in Fighting
 79810 | Depths:4 | Noticed Frederick
 79810 | Depths:4 | Noticed the Enchantress
 79817 | Depths:4 | Reached skill level 10 in Transmutations
 79818 | Depths:4 | Killed Frederick
 79821 | Depths:4 | Killed the Enchantress
 80213 | Depths:4 | Found a shadowy altar of Dithmenos.
 80284 | Depths:4 | Identified the ring of the Devil's Team {rF- rC+ Will+
                  | Str+2}
 80592 | Depths:4 | Found a gate to the Realm of Zot.
 80810 | Depths:4 | Learned a level 8 spell: Necromutation
 80890 | Depths:2 | Bought a manual of Evocations for 1280 gold pieces
 81000 | Zot:1    | Entered Level 1 of the Realm of Zot
 81083 | Zot:1    | Found a transporter.
 81098 | Zot:1    | Found a transporter.
 81109 | Zot:1    | Noticed an orb of fire
 81114 | Zot:1    | Reached skill level 1 in Evocations
 81884 | Zot:1    | Killed an orb of fire
 82060 | Zot:1    | Identified the amulet "Tebliuj" {RegenMP rN++}
 82896 | Zot:3    | Reached skill level 22 in Spellcasting
 82907 | Zot:3    | Reached skill level 5 in Evocations
 83235 | Zot:3    | Slain by a green draconian

Illustrated notes

Levels and vault maps discovered:
D:1:      dpeg_arrival_arbitrary_a, layout_loops_ring, chequers_mini_garden,
          minivault_4, minmay_octomino_e4
D:2:      layout_loops_ring, serial_aquarium, aquarium_bridge_square
          [aquarium_subvault_wall, aquarium_subvault_bridge,
          aquarium_subvault_window, aquarium_subvault_bridge],
          aquarium_window_2, aquarium_window_2, aquarium_view_2e,
          aquarium_balcony_double_1, basic_altar, st_stairs_14,
          uniq_crazy_yiuf_cottage
D:3:      layout_loops_cross, grunt_ministairs_1
D:4:      layout_gridville
D:5:      layout_basic, minmay_temple_entry_hall, serial_shops,
          nicolae_shop_statue_plus
D:6:      nicolae_cairo_tiling, layout_basic,
          nzn_overflow_gifts_of_might_and_magic, minmay_circle_x, uniq_pikel
D:7:      layout_rooms, nicolae_overflow_crystal_walls, serial_shops,
          nicolae_shop_behind_doors
D:8:      layout_loops_ring, okawaru_gym_becter, general_overflow_altar,
          gammafunk_temple_overflow_wave, lemuel_doored_altar, nzn_random_ring
D:9:      layout_irregular_city, erik_lair_island, dreamdust_mushroom_princess
D:10:     layout_irregular_city, overflow_temple_1_default,
          introduction_to_nature_2
D:11:     layout_gridville, gammafunk_ghost_split
D:12:     lemuel_ice_spiral_2, layout_basic, orc_0_dummy
D:13:     layout_loops_corners, serial_shops, shop, kennysheep_generic_room_2
D:14:     layout_basic, lightli_vaults_fourway_checkpoint,
          nicolae_gozag_cash_rules_everything_around_me, minmay_between
D:15:     hangedman_depths_entry_try_elsewhere_first, layout_basic,
          gammafunk_ghost_wrathful_warriors, serial_bayou_lagoon_a, uniq_jorgrun
Temple:   nicolae_temple_ecumenical_triangle
Lair:1:   layout_misc_corridors, serial_bayou_shore_a
Lair:2:   layout_cave_pods, minmay_shoals_entry_hut,
          chequers_serial_rivers_micro_a, grunt_megastairs_2, uniq_nergalle
Lair:3:   layout_loops_ring, nicolae_spider_entry_non_spiders
Lair:4:   layout_roguey, nicolae_slime_entry_slimehenge, uniq_rupert
Lair:5:   wormcave, layout_regular_city, hangedman_lair_tendril_chambers
Shoals:1: layout_shoals, portal_ice_cave_entry_frozen_things, st_shoals_ruin
Shoals:2: layout_shoals, nicolae_shoals_arrival_archipelago, uniq_polyphemus
Shoals:3: layout_shoals
Shoals:4: shoals_end_grunt_ice, layout_shoals, serial_shops, shop
Spider:1: layout_spider_delve, hangedman_spider_tarantella_strand
Spider:2: spider_temple_joshua, nicolae_orb_stairs, uniq_aizul
Spider:3: layout_spider_delve
Spider:4: grunt_spider_rune_circles
Slime:1:  layout_caves, cheibrodos_slime_lost_civilization_6
Slime:2:  layout_caves, nicolae_slime_rock_hall_of_fame
Slime:3:  layout_caves, cheibrodos_slime_lost_civilization_5
Slime:4:  layout_caves
Slime:5
Orc:1:    layout_caves, ebering_ghost_rock_garden
Orc:2:    pf_orc_diabolical, layout_caves, basic_altar, nicolae_orc_stony_grotto
Elf:1:    elf_arrival_002, layout_onion_city, serial_shops, nicolae_shop_trees,
          kennysheep_underground_church, evilmike_minifort
Elf:2:    nicolae_elf_blades_splatter_lattice
          [nicolae_blade_entry_crossed_weapons], layout_loops_cross,
          serial_shops, shop_scrolls, nicolae_take_the_stairs,
          nicolae_shop_overgrown_old_shop, nicolae_shop_trees, uniq_louise
Elf:3:    elf_hall, layout_gridlike, serial_shops, shop, elves_outpost_lemuel
Vaults:1: v_rooms_3, v_alt_pattern_2, v_misc_16, nicolae_vaults_border_crossing,
          v_misc_29, v_alt_pattern_2, st_octagons_2, v_misc_5,
          vaults_mumra_chevron_long, grunt_vaults_hallway_short,
          vaults_dpeg_emergency_exit, layout_vaults_big_cross
Vaults:2: nicolae_vaults_yaktaur_gun_rack, minmay_crypt_entry_simple_sparse,
          gammafunk_sealed_arena, v_alt_pattern_5, v_rooms_1, vaults_mumra_hex,
          ontoclasm_vaults_ring_large, v_alt_pattern_2, v_misc_33,
          vaults_dpeg_encased_lava, layout_vaults_omnigrid,
          nicolae_trove_entry_free_sample, uniq_xtahua, uniq_boris
Vaults:3: vaults_mumra_minichess_inversion, v_alt_pattern_1,
          hangedman_vaults_slither, v_rooms_2, v_misc_19,
          nicolae_vaults_circle_grid_a, ontoclasm_vaults_loading_screen,
          nicolae_vaults_sealed_display, hangedman_vaults_slice,
          vaults_standard_mumra_enter_the_diamond, v_misc_15, vaults_dpeg_cross,
          layout_vaults_omnibox, uniq_jory
Vaults:4: st_cells, nicolae_vaults_stairing_the_circle,
          nicolae_vaults_triangles, v_misc_4, v_misc_26, v_pattern_2,
          hangedman_vaults_impose, nicolae_vaults_big_ls, vaults_mumra_lcd,
          nicolae_vaults_big_angled_halls, nicolae_vaults_little_squares_6,
          v_misc_16, layout_vaults_maze, serial_shops, freezing_bzr
Vaults:5: serial_shops
Crypt:1:  layout_misc_corridors, mu_enter_wizlab_4
Crypt:2:  minmay_guarded_unrand_majin_bo, layout_basic, grunt_megastairs_3,
          uniq_margery
Crypt:3:  due_elkab, layout_chaotic_city, tomb_entry_forgotten_bobbens,
          st_burial_chamber, uniq_grunn
Depths:1: layout_honeycomb, pf_dread_powers_of_hell, kiku_gazebo_garden_becter,
          reono_crystal_passage, minivault_16, nicolae_transmutations_shop,
          hangedman_glass_teeth, nzn_wu_jian_council_hall
Depths:2: kennysheep_cluttered_fort, layout_cave_shapes, hell_entry,
          rand_demon_pan_entry_4, nicolae_shop_vocational
Depths:3: kennysheep_blocky_room, layout_basic, enter_ziggurat_c, tso_altar,
          hellmonk_ghost_happy_afterlife, abyss_entry,
          grunt_hell_entry_dis_grunt
Depths:4: evilmike_zot_entry_gauntlet, layout_gridville,
          roderic_lattice_octagonal_star, hell_entry,
          grunt_dithmenos_smoke_and_mirrors, uniq_frederick, uniq_enchantress
Zot:1:    gammafunk_the_bubble [the_bubble_gammafunk_crates],
          layout_twisted_circle
Zot:2:    layout_misc_corridors, st_stairs_3
Zot:3:    layout_misc_corridors

Skill      XL: |  1  2  3  4  5  6  7  8  9 10 11 12 13 14 15 16 17 18 19 20 21 22 23 24 25 26 27 |
---------------+----------------------------------------------------------------------------------+-----
Stealth        | 7 8 9 10 11 12 13 | 13.7
Spellcasting   | 1 2 3 4 5 6 8 9 11 12 13 14 15 16 17 18 19 20 22 | 22.1
Long Blades    | 3 4 5 6 7 8 9 10 11 12 14 16 17 18 | 18.9
Dodging        | 3 4 5 6 7 8 9 10 11 12 13 14 15 16 17 18 | 18.9
Transmutations | 1 2 3 4 5 6 7 8 9 10 | 10.3
Short Blades   | 1 2 3 4 5 |  5.7
Fighting       | 4 5 6 7 8 9 10 11 12 13 14 15 | 15.5
Conjurations   | 2 3 4 5 6 |  6.0
Air Magic      | 1 3 4 5 6 7 8 10 11 12 | 12.8
Poison Magic   | 2 3 4 5 6 7 |  7.3
Fire Magic     | 1 2 3 4 5 6 7 8 |  8.1
Ice Magic      | 1 2 4 5 6 7 9 |  9.7
Necromancy     | 1 3 5 6 8 9 11 12 13 14 15 | 15.5
Translocations | 1 2 3 4 |  4.5
Shields        | 1 3 4 5 7 8 9 10 11 12 | 12.4
Throwing       | 1 2 3 4 |  4.4
Earth Magic    | 2 4 5 6 7 8 9 10 11 12 13 | 13.8
Summonings     | 3 5 |  5.5
Staves         | 3 7 10 13 | 13.3
Evocations     | 5 |  5.9

Action                     |  1- 3 |  4- 6 |  7- 9 | 10-12 | 13-15 | 16-18 | 19-21 | 22-24 | 25-27 || total
---------------------------+-------+-------+-------+-------+-------+-------+-------+-------+-------++-------
  Melee: Falchion          |    19 |    94 |   196 |    25 |       |       |       |       |       ||   334
         Constrict         |     4 |    31 |    59 |    59 |    83 |   130 |    60 |   120 |   107 ||   653
         Dagger            |     3 |    56 |    75 |   303 |   569 |   133 |    44 |    19 |    63 ||  1265
         Tentacles         |     2 |    27 |    92 |   124 |   212 |   407 |   285 |   223 |   331 ||  1703
         Punch             |     1 |     1 |     5 |     5 |     7 |    23 |    18 |    23 |    22 ||   105
         Long sword        |       |       |       |    33 |     9 |   940 |   489 |       |       ||  1471
         Staff             |       |       |       |       |     1 |       |       |       |    20 ||    21
         Scimitar          |       |       |       |       |       |    56 |   175 |   105 |   626 ||   962
         Double sword      |       |       |       |       |       |       |    44 |   556 |   249 ||   849
  Throw: Dart              |       |       |     1 |    29 |    35 |    13 |     7 |     1 |       ||    86
         Boomerang         |       |       |       |    11 |    40 |    47 |    21 |    10 |    28 ||   157
   Cast: Wereblood         |       |       |    10 |    19 |    34 |    30 |    39 |    34 |    54 ||   220
         Mephitic Cloud    |       |       |    18 |    55 |    21 |    16 |     9 |    12 |     3 ||   134
         Ignite Poison     |       |       |     1 |    50 |    91 |    94 |    95 |    46 |    64 ||   441
         Poisonous Vapours |       |       |       |    42 |    66 |    89 |   104 |    39 |    74 ||   414
         Vampiric Draining |       |       |       |     8 |    15 |     3 |     1 |       |     8 ||    35
         Blink             |       |       |       |     6 |       |     4 |     2 |     1 |     2 ||    15
         Olgreb's Toxic Ra |       |       |       |     4 |    50 |    52 |    61 |    20 |    30 ||   217
         Freezing Cloud    |       |       |       |       |    19 |    12 |    28 |     2 |    33 ||    94
         Sticky Flame      |       |       |       |       |       |       |    29 |     1 |    43 ||    73
         Summon Lightning  |       |       |       |       |       |       |     4 |       |     1 ||     5
         Frozen Ramparts   |       |       |       |       |       |       |    24 |     1 |    19 ||    44
         Irradiate         |       |       |       |       |       |       |     6 |    19 |    34 ||    59
         Statue Form       |       |       |       |       |       |       |       |    22 |   100 ||   122
         Apportation       |       |       |       |       |       |       |       |     2 |   325 ||   327
         Ozocubu's Refrige |       |       |       |       |       |       |       |       |     3 ||     3
         Maxwell's Capacit |       |       |       |       |       |       |       |       |     2 ||     2
         Dispel Undead     |       |       |       |       |       |       |       |       |     4 ||     4
         Airstrike         |       |       |       |       |       |       |       |       |     1 ||     1
         Necromutation     |       |       |       |       |       |       |       |       |     1 ||     1
 Invoke: Call Merchant     |       |       |       |     1 |     1 |     1 |     1 |     3 |       ||     7
Ability: End Transformatio |       |       |       |       |       |       |       |       |     2 ||     2
  Evoke: Wand              |       |       |       |       |     3 |       |     3 |       |     1 ||     7
    Use: Scroll            |     1 |     1 |    11 |     6 |    11 |     6 |    10 |     4 |     8 ||    58
         Potion            |       |     1 |     1 |     6 |     3 |    22 |     6 |     1 |    10 ||    50
   Stab: Sleeping          |     4 |    38 |    11 |    14 |    28 |    38 |    25 |    17 |    52 ||   227
         Distracted        |       |     2 |     2 |     2 |     4 |     5 |     9 |     3 |    13 ||    40
         Confused          |       |       |     7 |    19 |     6 |    11 |     3 |     8 |       ||    54
         Petrified         |       |       |       |       |     1 |       |       |       |       ||     1
 Armour: Skin              |     2 |     7 |     4 |    37 |    83 |   273 |   177 |   260 |   770 ||  1613
  Dodge: Dodged            |    11 |    82 |   214 |   280 |   383 |  1333 |   697 |   892 |  2119 ||  6011
  Block: Other             |       |       |       |    46 |   104 |   156 |       |       |       ||   306
         Reflection        |       |       |       |     4 |     2 |    26 |    19 |       |    11 ||    62
         Kite shield       |       |       |       |       |       |   487 |   771 |       |       ||  1258
         Buckler           |       |       |       |       |       |       |       |   232 |   665 ||   897

Table legend: (Time is in decaauts)
 A = Elapsed time spent in this place.
 B = Non-inter-level travel time spent in this place.
 C = Inter-level travel time spent in this place.
 D = Time resting spent in this place.
 E = Time spent auto-exploring this place.
 F = Levels seen in this place.
 G = Mean time per level.
                   A        B        C        D        E       F      G
               +--------+--------+--------+--------+--------+-----+--------+
         Total |  85486 |  77341 |   8145 |  21848 |  15870 |  59 | 1448.9 |
       Dungeon |  21555 |  17655 |   3900 |   4347 |   4361 |  15 | 1437.0 |
        Temple |     59 |     32 |     27 |      0 |      9 |   1 |   59.0 |
          Lair |   8118 |   6842 |   1276 |   2156 |   1707 |   5 | 1623.6 |
        Shoals |   5403 |   5199 |    204 |   1599 |    429 |   4 | 1350.8 |
   Spider Nest |   8184 |   7501 |    683 |   3386 |   1100 |   4 | 2046.0 |
    Slime Pits |   5285 |   5242 |     43 |   1275 |   1079 |   5 | 1057.0 |
  Orcish Mines |   3592 |   2850 |    742 |   1100 |    363 |   2 | 1796.0 |
   Elven Halls |   4722 |   4445 |    277 |   1016 |    924 |   3 | 1574.0 |
        Vaults |  11559 |  10993 |    566 |   3420 |   2105 |   5 | 2311.8 |
         Crypt |   5471 |   5297 |    174 |    692 |   1543 |   3 | 1823.7 |
        Depths |   5194 |   4963 |    231 |    507 |   1575 |   4 | 1298.5 |
           Zot |   2614 |   2596 |     18 |    389 |    597 |   3 |  871.3 |
         Abyss |     79 |     79 |      0 |      0 |      0 |   1 |   79.0 |
        Bazaar |    213 |    213 |      0 |    145 |      0 |   1 |  213.0 |
         Trove |     95 |     95 |      0 |      0 |      0 |   1 |   95.0 |
      Ice Cave |   2719 |   2719 |      0 |   1735 |     76 |   1 | 2719.0 |
        Wizlab |    618 |    618 |      0 |     79 |      0 |   1 |  618.0 |
               +--------+--------+--------+--------+--------+-----+--------+

Top non-repeatable levels by time:
Spider:2: 2824 daAuts
Vaults:1: 2794 daAuts
   Orc:2: 2773 daAuts
   IceCv: 2719 daAuts
Vaults:2: 2507 daAuts
     D:6: 2499 daAuts
  Lair:5: 2492 daAuts
Vaults:3: 2482 daAuts
 Crypt:3: 2231 daAuts
Spider:1: 2148 daAuts
 Crypt:2: 1919 daAuts
Vaults:4: 1916 daAuts
Vaults:5: 1859 daAuts
   Elf:2: 1839 daAuts
    D:13: 1834 daAuts
